 Dungeon Crawl Stone Soup version 0.29.1-2-gbd0b4ee654 (webtiles) character file.

Game seed: 11161190226609324525

25 DemonSlayer the Firebug (level 2, -1/19 HPs)
             Began as a Demonspawn Fire Elementalist on Nov 24, 2022.
             Slain by a white imp (5 damage)
             ... on level 3 of the Dungeon.
             The game lasted 00:02:24 (1347 turns).

DemonSlayer the Firebug (DsFE)                      Turns: 1347, Time: 00:02:24

Health: -1/19      AC:  3    Str:  8    XL:     2   Next: 82%
Magic:  5/5        EV: 11    Int: 16    God:
Gold:   126        SH:  0    Dex: 13    Spells: 2/5 levels left

rFire   . . .      SeeInvis .   a - +0 dagger
rCold   . . .      Faith    .   (no shield)
rNeg    . . .      Spirit   .   h - +0 leather armour
rPois   .          Reflect  .   (no helmet)
rElec   .          Harm     .   (no cloak)
rCorr   .          Rampage  .   (no gloves)
Will    .....                   (no boots)
Stlth   ++........              (no amulet)
HPRegen 0.06/turn               (no ring)
MPRegen 0.18/turn               (no ring)

@: very slightly contaminated
A: magic regeneration
a: no special abilities


You were on level 3 of the Dungeon.
You visited 1 branch of the dungeon, and saw 3 of its levels.

You collected 126 gold pieces.

Inventory:

Hand Weapons
 a - a +0 dagger (weapon)
Armour
 h - a +0 leather armour (worn)
Scrolls
 c - 3 scrolls of blinking {unknown}
 e - 3 scrolls of identify {unknown}
 g - a scroll of amnesia {unknown}
 l - a scroll of magic mapping {unknown}
 m - a scroll of immolation {unknown}
 n - a scroll of fog {unknown}
Potions
 d - a potion of flight {unknown}
 f - a potion of haste {unknown}
 i - a potion of invisibility {unknown}
 j - 2 potions of heal wounds {unknown}
 k - a potion of attraction {unknown}


   Skills:
 + Level 2.1 Dodging
 + Level 1.8 Stealth
 + Level 2.2 Spellcasting
 + Level 1.1 Conjurations
 + Level 3.3 Fire Magic


You had 2 spell levels left.
You knew the following spells:

 Your Spells              Type           Power      Damage    Failure   Level
a - Foxfire               Conj/Fire      32%        2x1d5     12%         1
b - Scorch                Fire           24%        2d6       12%         2

Your spell library contained the following spells:

 Spells                   Type           Power      Damage    Failure   Level
 Magic Dart               Conj           20%        1d4       19%         1
 Searing Ray              Conj           10%        2d4       28%         2
 Conjure Flame            Conj/Fire      8%         6-21      34%         3
 Inner Flame              Hex/Fire       7%         N/A       41%         3
 Ignite Poison            Fire/Tmut/Pois 5%         N/A       50%         3
 Flame Wave               Conj/Fire      8%         2d5       75%         4
 Sticky Flame             Conj/Fire      8%         2d3       75%         4
 Fulminant Prism          Conj/Hex       1%         3d6       93%         4
 Cause Fear               Hex            0%         N/A       96%         4
 Discord                  Hex            0%         N/A       100%        8


Dungeon Overview and Level Annotations

Branches:
Dungeon (3/15)

Altars:
Sif Muna


Innate Abilities, Weirdness & Mutations

You regenerate magic rapidly.


Message History

There is a stone staircase leading up here.
A rat comes into view.
You see here a staff of earth.
A rat is nearby!
A rat is nearby!
A rat is nearby!
The helpless rat fails to defend itself.
You puncture the rat!
You kill the rat!
j - 2 smoky puce potions (gained 1)
Found a stone staircase leading down.
A white imp comes into view.
Found Sif Muna's Omnibus of Charms.
A white imp is nearby!
A white imp is nearby!
A white imp is nearby!
Found a shimmering blue altar of Sif Muna.
The white imp shouts!
You miscast Foxfire.
You are very lightly contaminated with residual magic.
Nothing appears to happen.
The white imp hits you. The white imp freezes you.
You conjure some foxfire!
The white imp hits you. The white imp freezes you.
You closely miss the white imp.
The foxfire hits the white imp but does no damage. x2
The white imp barely misses you.
Okay, then.
Casting: Foxfire (safe; 12% risk of failure)
Confirm with . or Enter, or press ? or * to list all spells.
Flames lash the white imp.
The white imp is burned terribly!
The white imp is heavily wounded.
The white imp's fire resistance burns away.
The white imp hits you but does no damage.
Unknown command.
Casting: Scorch (safe; 12% risk of failure)
Confirm with . or Enter, or press ? or * to list all spells.
You don't have enough magic to cast this spell.
Magic courses through your body. The white imp hits you.
* * * LOW HITPOINT WARNING * * *
The white imp freezes you.
You die...

..##..†####.####
#### #.#
#####.####...
#.........#
#.#...###...>
##...## #.
##...## ##...##
##..@# #∩#.5.#
..###.:.# #..
#._.# ## #####


You could see a white imp (combustible).

Vanquished Creatures
  A dart slug (D:1)
  2 ball pythons
  A bat (D:2)
  3 endoplasms
  A giant cockroach (D:1)
  3 goblins (D:1)
  A quokka (D:1)
  A frilled lizard (D:1)
  5 kobolds
  3 rats
21 creatures vanquished.

Vanquished Creatures (others)
  76 foxfires
76 creatures vanquished.

Grand Total: 97 creatures vanquished

Notes
Turn   | Place    | Note
-------+----------+-------------------------------------------
     0 | D:1      | DemonSlayer the Demonspawn Fire Elementalist began the
                  | quest for the Orb.
     0 | D:1      | Reached XP level 1. HP: 13/13 MP: 3/3
   179 | D:1      | Found a faded altar of an unknown god.
   224 | D:1      | Reached skill level 3 in Fire Magic
   491 | D:1      | Gained mutation: You regenerate magic rapidly. [demonic
                  | ancestry]
   491 | D:1      | Reached XP level 2. HP: 19/19 MP: 1/5
   494 | D:1      | Learned a level 2 spell: Scorch
  1338 | D:3      | Found a shimmering blue altar of Sif Muna.
  1347 | D:3      | Slain by a white imp

Illustrated notes

Levels and vault maps discovered:
D:1:      amcnicky_arrival_single_pillar, layout_rooms, basic_ecumenical_altar
D:2:      layout_rooms
D:3:      layout_basic, evilmike_ruin_ashenzari,
          nzn_overflow_gifts_of_might_and_magic, serial_curves, eino_curves_04,
          eino_curves_01, eino_curves_04

Skill      XL: |  1 |
---------------+----+-----
Fire Magic     | 3 |  3.3
Dodging        | 2 |  2.1
Stealth        | |  1.8
Spellcasting   | |  2.2
Conjurations   | |  1.1

Action                   || total
-------------------------++-------
Melee: Unarmed           ||     4
       Dagger            ||     9
 Cast: Foxfire           ||    45
       Scorch            ||     1
  Use: Potion            ||     1
 Stab: Sleeping          ||     3
Armor: Leather armour    ||     2
Dodge: Dodged            ||    13
